 Dungeon Crawl Stone Soup version 0.22-a0-429-g97ce8ef (webtiles) character file.

221 suicidejoker the Covered (level 5, -10/49 HPs)
             Began as a Gargoyle Fighter on May 25, 2018.
             Killed by divine providence
             ... invoked by an orc priest
              (12 damage)
             ... on level 3 of the Dungeon.
             The game lasted 00:04:26 (2490 turns).

suicidejoker the Covered (Gargoyle Fighter)         Turns: 2490, Time: 00:04:27

Health: -10/49     AC: 11    Str: 21 (24) XL:     5   Next: 98%
Magic:  5/5        EV:  8    Int:  6 (9)  God:
Gold:   56         SH:  9    Dex: 12 (13) Spells: 4/4 levels left

rFire    . . .     SeeInvis .   a - +0 long sword
rCold    . . .     Gourm    .   c - +0 shield
rNeg     + . .     Faith    .   b - +0 scale mail
rPois    ∞         Spirit   .   (no helmet)
rElec    +         Reflect  .   (no cloak)
rCorr    .         Harm     .   (no gloves)
MR       .....                  (no boots)
Stlth    ..........             o - amulet of rage
HPRegen  0.16/turn              s - +3 ring of dexterity
MPRegen  0.09/turn              (no ring)

@: berserking, flying, hasted, very quick
A: negative energy resistance 1, electricity resistance, unbreathing,
petrification resistance, rot immunity, AC +4
a: Evoke Berserk Rage


You were on level 3 of the Dungeon.
You were hungry.

You visited 1 branch of the dungeon, and saw 3 of its levels.

You collected 56 gold pieces.

Inventory:

Hand Weapons
 a - a +0 long sword (weapon)
 k - a +2 dagger of pain
Missiles
 h - 2 javelins (quivered)
 j - 85 stones
 l - 22 arrows
 t - 13 poisoned needles
 u - 14 sling bullets
Armour
 b - a +0 scale mail (worn)
 c - a +0 shield (worn)
Jewellery
 o - an amulet of rage (around neck)
 s - a +3 ring of dexterity (left hand)
Scrolls
 e - 2 scrolls of teleportation {unknown}
 i - 2 scrolls of identify {unknown}
 p - a scroll of enchant armour {unknown}
 q - a scroll of fog {unknown}
 r - a scroll of random uselessness {unknown}
Potions
 d - 2 potions of might
 n - a potion of degeneration
Comestibles
 f - 7 rations
 v - 2 chunks of flesh


   Skills:
 + Level 4.0 Fighting
 * Level 3.3 Long Blades
 + Level 4.0 Armour
 * Level 2.1 Dodging
 + Level 4.0 Shields


You had 4 spell levels left.
You didn't know any spells.
Your spell library was empty.

Dungeon Overview and Level Annotations

Branches:
Dungeon (3/15)

Altars:


Innate Abilities, Weirdness & Mutations

You are resistant to torment.
Your stone body is resilient. (AC +4)
You are immune to poison.
You resist negative energy. (rN+)
You are resistant to electric shocks. (rElec)
You can survive without breathing.
You are immune to petrification.
You are immune to rotting.


Message History

You feel yourself moving faster!
You feel mighty!
You are feeling hungry.
You block the frilled lizard's attack.
You closely miss the frilled lizard. You block the frilled lizard's attack.
You block the orc's attack.
You slash the frilled lizard!
You kill the frilled lizard!
The orc priest invokes the aid of Beogh against you.
Beogh smites you!
* * * LOW HITPOINT WARNING * * *
You slash the orc!
You kill the orc!
You block the orc's attack. The orc completely misses you.
Things that are here:
a flail; a scale mail You barely miss the orc.
The orc priest calls down the wrath of Beogh upon you.
Beogh smites you!
You die...

..............#
............#.#
... .
####...######.#
?.##.# #...# #.#
...#.# #...# #.#
..... ...... #.#
.....#. #.#...
#.# Kb#.... #.##
#.####.###{o.....
#........@ooo.$#
#.#####.#####....
#.# # #.# ..# #.#
... #..


You could see an orc priest, 3 orcs, a bat and a kobold.

Vanquished Creatures
  An orc wizard (D:3)
  A jelly (D:2)
  A worker ant (D:3)
  4 adders
  8 oozes (D:2)
  2 worms
  A dart slug (D:2)
  A leopard gecko (D:2)
  4 orcs (D:3)
  2 ball pythons
  A giant cockroach (D:2)
  2 goblins (D:2)
  6 hobgoblins
  8 jackals
  10 kobolds
  3 bats
  5 frilled lizards
  4 rats (D:1)
64 creatures vanquished.

Vanquished Creatures (others)
  2 fungi (D:2)
  9 toadstools (D:2)
11 creatures vanquished.

Grand Total: 75 creatures vanquished

Notes
Turn   | Place    | Note
-------+----------+-------------------------------------------
     0 | D:1      | suicidejoker the Gargoyle Fighter began the quest for the Orb.
     0 | D:1      | Reached XP level 1. HP: 14/14 MP: 1/1
   171 | D:1      | Reached XP level 2. HP: 19/19 MP: 2/2
   816 | D:2      | Reached skill level 1 in Dodging
   816 | D:2      | Reached XP level 3. HP: 9/23 MP: 3/3
  1202 | D:2      | Reached XP level 4. HP: 28/28 MP: 4/4
  1504 | D:2      | Reached XP level 5. HP: 22/33 MP: 5/5
  2487 | D:3      | HP: 2/49 [orc priest/divine providence (12)]
  2490 | D:3      | Killed from afar by an orc priest

Vault maps used:
D:1:      matt_arrival_grand_opening
D:2:      cheibrodos_fertilizer, first_ration, serial_bayou,
          serial_bayou_pond_c, serial_bayou_shore_b, serial_bayou_pond_d,
          serial_bayou_pond_d, serial_bayou_pond_c, serial_bayou_pond_b
D:3:      dk_yredelemnul_ordeal, uniq_sigmund

Skill      XL: |  1  2  3  4  5 |
---------------+----------------+-----
Long Blades    | 2 3 |  3.3
Dodging        | 1 2 |  2.1
Armour         | 4 |  4.0
Shields        | 4 |  4.0
Fighting       | 4 |  4.0

Action                   |  1- 3 |  4- 6 || total
-------------------------+-------+-------++-------
Melee: Long sword        |   113 |   106 ||   219
Throw: Javelin           |       |     2 ||     2
 Abil: Evoke Berserk Rag |       |     3 ||     3
  Use: Potion            |       |     3 ||     3
  Eat: Chunk             |     1 |     3 ||     4
       Ration            |       |     1 ||     1
Armor: Scale mail        |   136 |    84 ||   220
Dodge: Dodged            |    58 |    64 ||   122
Block: Shield            |    83 |    81 ||   164
       Rpst.: Long sword |    15 |    17 ||    32

Table legend:
 A = Spawn XP
 B = Non-spawn XP
 C = Spawn XP percentage of total XP
 D = Spawn monster count
 E = Non-spawn monster count
 F = Spawn count percentage of total count
 G = Total turns spent on level
                    A         B        C        D         E        F      G
               +---------+---------+-------+---------+---------+-------+---------
         Total |       0 |     316 |   0.0 |       0 |      64 |   0.0 |  2490
               +---------+---------+-------+---------+---------+-------+---------
           D:1 |       0 |      27 |   0.0 |       0 |      18 |   0.0 |   802
           D:2 |       0 |     170 |   0.0 |       0 |      31 |   0.0 |  1397
           D:3 |       0 |     119 |   0.0 |       0 |      15 |   0.0 |   291
               +---------+---------+-------+---------+---------+-------+---------
